 Dungeon Crawl Stone Soup version 0.17.1-3-g152610e (webtiles) character file.

952 jacquesderrida the Summoner (level 7, -5/46 HPs)
             Began as a Demonspawn Summoner on Mar 21, 2016.
             Was a Follower of Ashenzari.
             Slain by a killer bee (9 damage)
             ... on level 7 of the Dungeon.
             The game lasted 00:18:05 (3055 turns).

jacquesderrida the Summoner (Demonspawn Summoner)   Turns: 3055, Time: 00:18:05

Health: -5/46      AC:  3    Str: 14    XL:     7   Next: 90%
Magic:  11/11      EV: 12    Int: 18    God:    Ashenzari [*.....]
Gold:   318        SH:  0    Dex: 13    Spells: 3 memorised, 3 levels left

rFire  . . .     SeeInvis .     l - +2 rapier (elec)
rCold  . . .     Clarity  .     a - +1 robe
rNeg   . . .     SustAt   .     (no shield)
rPois  .         Gourm    .     (no helmet)
rElec  .         Spirit   .     (no cloak)
rCorr  .         Warding  .     (no gloves)
rMut   .         Stasis   .     (no boots)
MR     .....                    (no amulet)
Stlth  ++........               (no ring)
                                (no ring)

@: mighty, not resistant to hostile enchantments, unstealthy
A: powered by pain 2
a: Scrying, Renounce Religion


You were on level 7 of the Dungeon.
You worshipped Ashenzari.
Ashenzari was aware of your devotion.
You were not hungry.

You visited 2 branches of the dungeon, and saw 8 of its levels.

You collected 318 gold pieces.

Inventory:

Hand Weapons
 e - a +2 dagger of protection
 l - a +2 rapier of electrocution (weapon)
 o - a cursed -2 scimitar
 s - a +1 dire flail
 v - a +0 short sword of draining
Missiles
 h - 49 poisoned needles
Armour
 a - a +1 robe (worn)
Scrolls
 d - a scroll of teleportation
 g - a scroll of enchant armour
 j - a scroll of identify
 k - 7 scrolls of remove curse
Potions
 i - a potion of flight
 m - a potion of agility {unknown}
 p - a potion of lignification
 r - 2 potions of curing
 w - a potion of ambrosia
Books
 b - a book of Callings

   Spells                             Type                      Level
   a - Summon Small Mammal            Summoning                    1
   b - Call Imp                       Summoning                    2
   c - Call Canine Familiar           Summoning                    3
   d - Summon Guardian Golem          Hexes/Summoning              3
   e - Summon Lightning Spire         Summoning/Air                4
   f - Summon Ice Beast               Ice/Summoning                4
Comestibles
 c - 2 bread rations
 f - 3 chunks of flesh


   Skills:
 + Level 0.0 Fighting
 - Level 1.7 Dodging
 - Level 1.7 Stealth
 - Level 3.0 Spellcasting
 + Level 8.5 Summonings
 + Level 3.8 Ice Magic


You had 3 spell levels left.
You knew the following spells:

 Your Spells              Type           Power        Failure   Level  Hunger
b - Summon Ice Beast      Ice/Summ       ####....     17%         4    ####...
c - Call Canine Familiar  Summ           ####....     1%          3    ###....
d - Call Imp              Summ           ####....     1%          2    ##.....


Dungeon Overview and Level Annotations

Branches:
Dungeon (7/15)             Temple (1/1) D:4

Altars:
Ashenzari
Dithmenos
Kikubaaqudgha
Makhleb
Okawaru
Ru
Sif Muna
Vehumet
Xom
Yredelemnul
Zin
The Shining One

Shops:
D:5 :

Annotations:
D:7 Joseph


Innate Abilities, Weirdness & Mutations

You sometimes gain power by taking damage.


Message History

Joseph hits you with a quarterstaff of protection!
* * * LOW HITPOINT WARNING * * *
Your hound completely misses the killer bee.
The killer bee stings your hound.
Your hound dies!
Your hound's corpse disappears in a puff of smoke!
Drink which item? (? for menu, Esc to quit)
You feel better.
Joseph hits you with a quarterstaff of protection!
* * * LOW HITPOINT WARNING * * *
You focus on the pain.
You feel very mighty all of a sudden.
Your ice beast misses the killer bee.
A killer bee comes into view.
The killer bee barely misses you.
Your ice beast hits Joseph but does no damage.
The killer bee barely misses you.
Your ice beast hits Joseph but does no damage.
The killer bee stings you!
You die...

... ?. #y#
.#######.y#####
......Y.)...... #..@y#
## #.#.y## #.##
####.##.y###...####
........y@........
####............#
#...##.###.#.. #.#.
#....## ..#... ####.##
.. ..#... ####..# ...
....[. ..###.#### ....
....####.###....##....
......................


You could see Joseph, 4 killer bees and a friendly ice beast.

Vanquished Creatures
  A hippogriff (D:7)
  A giant frog (D:7)
  An elf skeleton (D:7)
  A jelly (D:6)
  6 human zombies (D:7)
  A giant frog skeleton (D:5)
  A human skeleton (D:7)
  A worker ant (D:4)
  A mummy (D:7)
  4 adders
  5 orcs
  A giant cockroach (D:2)
  2 goblins
  A hobgoblin (D:1)
  A quokka (D:5)
  6 bats
  2 kobolds
  An orc zombie (D:7)
  A rat (D:1)
38 creatures vanquished.

Vanquished Creatures (collateral kills)
  2 sky beasts
  3 ogres
  A giant frog (D:7)
  4 wights (D:6)
  A killer bee (D:7)
  A human zombie (D:7)
  2 orc wizards
  A centaur skeleton (D:6)
  An iguana (D:5)
  A worker ant (D:4)
  A hound skeleton (D:4)
  4 gnolls (D:4)
  3 adders
  A worm (D:3)
  A giant gecko (D:2)
  10 orcs
  2 giant cockroaches (D:1)
  7 hobgoblins
  A quokka (D:7)
  4 bats (D:1)
  3 giant newts (D:1)
  4 goblins (D:1)
  5 kobolds
  4 rats
67 creatures vanquished.

Grand Total: 105 creatures vanquished

Notes
Turn   | Place    | Note
--------------------------------------------------------------
     0 | D:1      | jacquesderrida the Demonspawn Summoner began the quest for the Orb.
     0 | D:1      | Reached XP level 1. HP: 13/13 MP: 3/3
   271 | D:1      | Gained mutation: You sometimes gain a little power by taking damage. [demonic ancestry]
   271 | D:1      | Reached XP level 2. HP: 10/19 MP: 3/5
   343 | D:1      | Learned a level 2 spell: Call Imp
   772 | D:2      | Reached skill level 5 in Summonings
   772 | D:2      | Reached XP level 3. HP: 18/24 MP: 3/6
   996 | D:3      | Reached XP level 4. HP: 10/30 MP: 1/7
  1039 | D:3      | Learned a level 3 spell: Call Canine Familiar
  1137 | D:4      | Reached skill level 6 in Summonings
  1200 | D:4      | Noticed an ogre
  1221 | D:4      | Killed an ogre
  1221 | D:4      | Reached XP level 5. HP: 17/35 MP: 0/8
  1225 | D:4      | Found an ancient bone altar of Kikubaaqudgha.
  1373 | D:4      | Found a staircase to the Ecumenical Temple.
  1379 | Temple   | Entered the Ecumenical Temple
  1530 | D:4      | Found a shattered altar of Ashenzari.
  1540 | D:4      | Became a worshipper of Ashenzari the Shackled
  1641 | D:4      | Found a sacrificial altar of Ru.
  1715 | D:5      | Entered Level 5 of the Dungeon
  1765 | D:5      | Got the spear of Bile {holy, Str+4 Int-2 SInv Stlth+}
  1838 | D:5      | Noticed an orc warrior
  1915 | D:5      | Noticed a sky beast
  1939 | D:5      | Killed a sky beast
  1939 | D:5      | Reached skill level 7 in Summonings
  1939 | D:5      | Reached XP level 6. HP: 5/41 MP: 1/10
  1945 | D:5      | Learned a level 4 spell: Summon Ice Beast
  1982 | D:5      | Found Enoegoot's Book Boutique.
  2147 | D:6      | Reached * piety under Ashenzari
  2190 | D:6      | Found a glowing silver altar of Zin.
  2191 | D:6      | Found a shadowy altar of Dithmenos.
  2240 | D:6      | Reached skill level 1 in Ice Magic
  2577 | D:7      | Found a basalt altar of Yredelemnul.
  2613 | D:7      | Gained mutation: You sometimes gain power by taking damage. [demonic ancestry]
  2613 | D:7      | Reached XP level 7. HP: 28/46 MP: 8/11
  2733 | D:7      | Reached skill level 8 in Summonings
  2871 | D:7      | Found an iron altar of Okawaru.
  2957 | D:7      | Noticed a hippogriff
  2983 | D:7      | Killed a hippogriff
  3044 | D:7      | Noticed Joseph
  3055 | D:7      | Slain by a killer bee

Action                   |  1- 3 |  4- 6 |  7- 9 || total
-------------------------+-------+-------+-------++-------
Melee: Unarmed           |    11 |       |       ||    11
       Dagger            |    40 |       |    65 ||   105
       Whip              |    30 |       |       ||    30
       Short sword       |       |    28 |       ||    28
       Dire flail        |       |    26 |     8 ||    34
       Rapier            |       |       |     4 ||     4
 Cast: Summon Small Mamm |    19 |       |       ||    19
       Call Imp          |    12 |    21 |       ||    33
       Call Canine Famil |       |    20 |     6 ||    26
       Summon Ice Beast  |       |       |     5 ||     5
  Use: Potion            |     2 |     1 |     3 ||     6
       Scroll            |       |    14 |       ||    14
 Stab: Sleeping          |     2 |       |     1 ||     3
       Distracted        |       |     1 |     3 ||     4
  Eat: Chunk             |     1 |     8 |       ||     9
       Meat ration       |       |       |     1 ||     1
